 Dungeon Crawl Stone Soup version 0.31.0-1-g2c135a008e (webtiles) character file.

Game seed: 2330677322955913776

541 qw the Shooter (level 7, -1/52 HPs)
             Began as a Djinni Hunter on Jan 23, 2024.
             Slain by Edmund
             ... wielding a +3 flail of protection
              (5 damage)
             ... on level 4 of the Dungeon.
             The game lasted 00:00:12 (3135 turns).

qw the Shooter (Djinni Hunter)                      Turns: 3135, Time: 00:00:13

Health: -1/52      AC:  5    Str: 10    XL:     7   Next: 51%
Gold:   160        EV: 11    Int: 10    God:
                   SH:  0    Dex: 19

rFire   + + .        c - +0 orcbow
rCold   x . .        (shield currently unavailable)
rNeg    . . .        b - +0 ring mail
rPois   inf          (no helmet)
rElec   .            (no cloak)
rCorr   .            (no gloves)
SInv    .            (boots unavailable)
Will    .....        d - amulet of faith
Stlth   +            (no ring)
HPRegen 0.28/turn    (no ring)
MPRegen 0.00/turn

%: faith, infuse magic (-2 HP)
@: flying
A: sickness immunity, fire resistance 2, cold vulnerability 1, float, innate
caster, HP casting, extra vitality 1
a: no special abilities


You were on level 4 of the Dungeon.
You visited 1 branch of the dungeon, and saw 4 of its levels.

You collected 160 gold pieces.


Innate Abilities, Weirdness & Mutations

You are immune to sickness and miasma.
You are immune to poison.
Your flesh is very heat resistant. (rF++)
You are vulnerable to cold. (rC-)
You float through the air rather than walking.
You learn spells naturally, not from books.
Your magical power is your life essence.
You have superior vitality. (+4 MHP)


   Skills:
 - Level 4.0 Fighting
 - Level 6.0 Ranged Weapons
 - Level 1.4 Armour
 + Level 3.1 Dodging
 - Level 0.7 Stealth


You knew the following spells:

 Your Spells              Type           Power      Damage    Failure   Level
a - Summon Small Mammal   Summ           0%         N/A       67%         1
b - Blink                 Tloc           0%         N/A       82%         2
c - Stone Arrow           Conj/Erth      0%         3d7       96%         3
Your spell library was empty.

Inventory:

Hand Weapons
 c - a +0 orcbow (weapon)
Armour
 b - a +0 ring mail (worn)
 e - a +2 hat
Jewellery
 d - an amulet of faith (around neck)
Wands
 k - a wand of flame (21)
Potions
 a - a potion of haste {unknown}
 f - a potion of enlightenment
 g - 2 potions of might {unknown}

Dungeon Overview and Level Annotations

Branches:
Dungeon (4/15)
 Temple: D:4-7

Altars:
Ru
Trog

Annotations:
D:3 1 runed translucent door, Crazy Yiuf
D:4 Edmund


Message History

Edmund barely misses you.
You shoot an arrow.
The arrow hits Edmund but does no damage.
Edmund is lightly wounded.
Your surroundings suddenly seem different.
Found an embroidered hat.
You start resting.
HP restored.
Found a robe.
Found an escape hatch in the floor.
e - a +2 hat
Found 8 stones.
Edmund is nearby!
You shoot an arrow.
Edmund shouts!
The arrow hits Edmund but does no damage.
You shoot an arrow.
The arrow hits Edmund but does no damage.
Edmund says, "Everyone always remembers my brother. 'Who's Edmund?' they ask!"
You shoot an arrow.
The arrow hits Edmund but does no damage.
You shoot an arrow.
The arrow hits Edmund but does no damage.
You shoot an arrow.
The arrow hits Edmund but does no damage.
Edmund hits you with a +3 flail of protection!
Edmund barely misses you.
You shoot an arrow.
The arrow hits Edmund but does no damage.
Edmund hits you with a +3 flail of protection!
You shoot an arrow. The arrow barely misses Edmund.
Edmund hits you with a +3 flail of protection!
You shoot an arrow. The arrow hits Edmund!
Edmund is moderately wounded.
Edmund hits you with a +3 flail of protection! x2
You shoot an arrow. The arrow hits Edmund!
Edmund is heavily wounded.
Edmund hits you with a +3 flail of protection.
You die...
Edmund says, "That'll show my brother!"

## #..... ...##
##........ .(...#
#......... #...###
##.........
#.@.###
#..........
#@..####..........
###...###.........
###...###.......
###...........
##..####....
...... #..# ###..
..... #.#.## ###
.... #....#### #
... #.......###


You could see Edmund.

Vanquished Creatures
  Grinder (D:3)
  A bombardier beetle (D:4)
  3 hounds (D:4)
  An orc priest (D:4)
  Jessica (D:3)
  An iguana (D:4)
  A gnoll (D:3)
  3 adders
  A white imp (D:3)
  2 ribbon worms (D:2)
  6 dart slugs
  8 orcs
  12 endoplasms
  A giant cockroach (D:2)
  5 goblins
  5 hobgoblins
  4 quokkas
  8 ball pythons
  7 bats
  2 frilled lizards
  11 kobolds
  6 rats
90 creatures vanquished.

Notes
Turn   | Place    | Note
-------+----------+-------------------------------------------
     0 | D:1      | qw the Djinni Hunter began the quest for the Orb.
     0 | D:1      | Reached XP level 1. HP: 18/18 MP: 0/0
     0 | D:1      | 0 ||| qw: Version: 0.3-a-136-gdd3b4e8
     0 | D:1      | 0 ||| qw: Game counter: 973
     0 | D:1      | 0 ||| qw: Melee chars always use a shield: true
     0 | D:1      | 0 ||| qw: God list: Okawaru
     0 | D:1      | 0 ||| qw: Allow faded altars: false
     0 | D:1      | 0 ||| qw: Do Orc after clearing Dungeon:15 true
     0 | D:1      | 0 ||| qw: Do second Lair branch before Depths: true
     0 | D:1      | 0 ||| qw: Lair rune preference: random
     0 | D:1      | 0 ||| qw: Goals: Normal
     0 | D:1      | 0 ||| PLANNING D:1-11
    32 | D:1      | Reached XP level 2. HP: 23/23 MP: 0/0
   332 | D:1      | Reached skill level 4 in Ranged Weapons
   332 | D:1      | Reached XP level 3. HP: 28/28 MP: 0/0
   332 | D:1      | Learned a level 1 spell: Summon Small Mammal
   832 | D:1      | 832 ||| READING scroll labelled HEASIS BACLAU.
   832 | D:1      | 832 ||| ENCHANTING +0 shortbow.
   833 | D:1      | 833 ||| READING 3 scrolls labelled AWNETSEMOI.
   833 | D:1      | 833 ||| IDENTIFYING smoky orange potion
   834 | D:1      | 834 ||| READING 2 scrolls of identify.
   834 | D:1      | 834 ||| IDENTIFYING sapphire potion
   835 | D:1      | 835 ||| READING scroll of identify.
   835 | D:1      | 835 ||| IDENTIFYING scroll labelled YSHELE UPPEWEG
   836 | D:1      | 836 ||| READING scroll labelled OPNAGOFIALE.
   837 | D:1      | 837 ||| DROPPING scroll of butterflies.
   838 | D:1      | 838 ||| DROPPING scroll of amnesia.
  1061 | D:2      | Reached XP level 4. HP: 34/34 MP: 0/0
  1184 | D:2      | Reached skill level 3 in Fighting
  1290 | D:2      | Reached skill level 3 in Dodging
  1472 | D:2      | 1472 ||| UPGRADING to +0 ring mail.
  1482 | D:2      | 1482 ||| DROPPING +0 leather armour.
  1483 | D:2      | 1483 ||| UPGRADING to amulet of faith.
  1488 | D:2      | 1488 ||| READING scroll labelled LAONUSK YMEU.
  1517 | D:3      | Noticed Jessica
  1525 | D:3      | Killed Jessica
  1526 | D:3      | Reached skill level 1 in Armour
  1526 | D:3      | Reached XP level 5. HP: 40/40 MP: 0/0
  1526 | D:3      | Learned a level 2 spell: Blink
  1626 | D:3      | 1626 ||| FLEEEEING.
  1729 | D:3      | Found a bloodstained altar of Trog.
  1917 | D:3      | Noticed Grinder
  1926 | D:3      | Paralysed by Grinder for 2 turns
  1932 | D:3      | Killed Grinder
  1933 | D:3      | Reached skill level 5 in Ranged Weapons
  1933 | D:3      | Reached XP level 6. HP: 18/46 MP: 0/0
  2181 | D:3      | Found a runed translucent door.
  2182 | D:3      | Noticed Crazy Yiuf
  2185 | D:3      | 2185 ||| READING scroll of identify.
  2185 | D:3      | 2185 ||| IDENTIFYING pink potion
  2186 | D:3      | 2186 ||| DRINKING 2 lumpy inky potions.
  2187 | D:3      | 2187 ||| DROPPING potion of lignification.
  2188 | D:3      | 2188 ||| DROPPING potion of brilliance.
  2326 | D:4      | Reached XP level 7. HP: 40/50 MP: 0/0
  2326 | D:4      | Learned a level 3 spell: Stone Arrow
  2628 | D:4      | 2628 ||| SWAPPING to +0 orcbow.
  2631 | D:4      | 2631 ||| FLEEEEING.
  2632 | D:4      | 2632 ||| FLEEEEING.
  2707 | D:4      | 2707 ||| DROPPING +1 shortbow.
  2712 | D:4      | Found a sacrificial altar of Ru.
  2909 | D:4      | Noticed Edmund
  2919 | D:4      | Reached skill level 6 in Ranged Weapons
  2920 | D:4      | HP: 10/52 [Edmund/+3 flail of protection (11)]
  2921 | D:4      | 2921 ||| READING scroll of teleportation.
  2921 | D:4      | HP: 1/52 [Edmund/+3 flail of protection (9)]
  2922 | D:4      | 2922 ||| DRINKING potion of heal wounds.
  3134 | D:4      | HP: 4/52 [Edmund/+3 flail of protection (16)]
  3135 | D:4      | Slain by Edmund

Levels and vault maps discovered:
D:1:      reono_arrival_forest_river, layout_basic
D:2:      layout_basic
D:3:      layout_basic, nzn_overflow_gifts_of_might_and_magic,
          uniq_crazy_yiuf_cottage, uniq_jessica, uniq_grinder
D:4:      layout_cave_pods, nicolae_ru_awakened_eye,
          amethyst_overflow_temple_binary, grunt_decor_one_mirror, uniq_edmund

Skill      XL: |  1  2  3  4  5  6  7 |
---------------+----------------------+-----
Ranged Weapons | 4 5 6 |  6.0
Fighting       | 3 4 |  4.0
Dodging        | 3 |  3.1
Armour         | 1 |  1.4
Stealth        | |  0.7

Action                     |  1- 3 |  4- 6 |  7- 9 || total
---------------------------+-------+-------+-------++-------
   Fire: Shortbow          |    92 |   122 |    32 ||   246
         Orcbow            |       |       |    49 ||    49
    Use: Scroll            |     5 |     2 |     1 ||     8
         Potion            |       |     1 |     1 ||     2
 Armour: Leather armour    |    14 |    10 |       ||    24
         Ring mail         |       |    21 |    35 ||    56
  Dodge: Dodged            |    21 |    31 |    32 ||    84

Table legend:
 A = Non-vault XP
 B = Vault XP
 C = Vault XP percentage of total XP
 D = Non-vault monster count
 E = Vault monster count
 F = Vault count percentage of total count
                 A         B        C        D         E       F
            +---------+---------+-------+---------+---------+-------
      Total |     452 |     321 |  41.5 |      86 |       4 |   4.4
            +---------+---------+-------+---------+---------+-------
        D:1 |      53 |       0 |   0.0 |      29 |       0 |   0.0
        D:2 |      68 |       0 |   0.0 |      22 |       0 |   0.0
        D:3 |      43 |     321 |  88.2 |      16 |       4 |  20.0
        D:4 |     288 |       0 |   0.0 |      19 |       0 |   0.0
            +---------+---------+-------+---------+---------+-------
